 Dungeon Crawl Stone Soup version 0.20.0-10-g0535bb4 (webtiles) character file.

498233 xgamer67 the Wrestler (level 24, -24/240 HPs)
             Began as a Troll Fighter on June 7, 2017.
             Was a High Priest of Qazlal.
             Annihilated by a war gargoyle
             ... wielding a +0 dire flail
              (26 damage)
             ... on level 5 of the Vaults.
             The game lasted 03:30:45 (43364 turns).

xgamer67 the Wrestler (Troll Fighter)              Turns: 43364, Time: 03:30:45

Health: -24/240    AC: 24    Str: 31    XL:     24   Next: 0%
Magic:  30/32      EV: 17    Int:  4    God:    Qazlal [*****.]
Gold:   1448       SH: 39    Dex: 17    Spells: 13/23 levels left

rFire    + + .     SeeInvis .     - Unarmed
rCold    + . .     Gourm    +   B - +2 large shield
rNeg     . . .     Faith    .   R - +5 fire dragon scales
rPois    +         Spirit   .   a - +0 hat
rElec    .         Reflect  +   Q - +2 cloak {rPois}
rCorr    .         Harm     .   (gloves unavailable)
MR       ++...                  (boots unavailable)
Stlth    ..........             o - brooch of Shielding {Reflect SH+8}
Regen    0.9/turn               T - ring of protection from cold
MPRegen  0.3/turn               r - ring of protection from magic

@: about to teleport, protected from cold, very slightly contaminated, drained,
repel missiles
A: unfitting armour, claws 3, deterioration 1, fast metabolism 3, gourmand,
regeneration 1, shaggy fur 1, tough skin 2
}: 2/15 runes: serpentine, barnacled
a: Upheaval, Elemental Force, Disaster Area, Renounce Religion


You were on level 5 of the Vaults.
You worshipped Qazlal.
Qazlal was extremely pleased with you.
You were very full.

You visited 8 branches of the dungeon, and saw 41 of its levels.
You visited 2 bazaars.
You also visited: Sewer and Ossuary.

You collected 4302 gold pieces.
You spent 2854 gold pieces at shops.

Inventory:

Hand Weapons
 b - a +9 blowgun
Missiles
 q - 8 throwing nets
 J - 8 curare-tipped needles
 P - 94 large rocks
 V - 97 javelins (quivered)
Armour
 a - a +0 hat (worn)
 B - a +2 large shield (worn)
 Q - a +2 cloak of poison resistance (worn)
 R - +5 fire dragon scales (worn)
Jewellery
 o - the brooch of Shielding (around neck) {Reflect SH+8}
   (You took it off a merfolk impaler on level 4 of the Shoals)

   [amulet of reflection]

   It shields you and reflects attacks.
   It affects your SH (+8).
 r - a ring of protection from magic (right claw)
 H - an uncursed ring of see invisible
 L - the ring "Unkacs" {rCorr Str+4 Dex+4}
   (You acquired it on level 5 of the Lair of Beasts)

   [ring of resist corrosion]

   It affects your strength (+4).
   It affects your dexterity (+4).
 T - a ring of protection from cold (left claw)
Wands
 g - a wand of digging (15/24)
 t - a wand of acid (6/15)
 G - a wand of disintegration (8/24)
 M - a wand of paralysis (11/24)
 N - a wand of disintegration (12/24)
 O - a wand of scattershot (4/9)
 S - a wand of iceblast (3/15)
 W - a wand of clouds (4/9)
Scrolls
 h - 2 scrolls of silence
 m - 5 scrolls of fog
 n - 7 scrolls of identify
 p - 6 scrolls of immolation
 x - 8 scrolls of teleportation
 y - 5 scrolls of blinking
 C - 4 scrolls of magic mapping
 K - 15 scrolls of remove curse
 U - 4 scrolls of recharging
 Z - 2 scrolls of summoning
Potions
 c - 9 potions of might
 e - 4 potions of invisibility
 j - 3 potions of haste
 k - a potion of resistance
 s - 5 potions of cancellation
 u - 16 potions of curing
 w - 2 potions of agility
 A - a potion of magic
 D - 5 potions of flight
 E - 4 potions of berserk rage
Miscellaneous
 v - a sack of spiders
 z - a box of beasts
 I - a phial of floods (inert)
 X - a lightning rod (4/4)
 Y - 2 phantom mirrors
Comestibles
 d - 30 bread rations
 i - 22 royal jellies
 l - 19 meat rations


   Skills:
 - Level 14.1(13.4) Fighting
 + Level 14.8(14.2) Armour
 + Level 14.7(14.0) Dodging
 - Level 15.0(14.3) Shields
 + Level 22.5(21.7) Unarmed Combat
 - Level 14.1(13.4) Invocations


You had 13 spell levels left.
You knew the following spells:

 Your Spells              Type           Power        Failure   Level  Hunger
a - Animate Skeleton      Necr           N/A          77%         1    ##.....
b - Apportation           Tloc           #.....       77%         1    ##.....
c - Confusing Touch       Hex            #.....       77%         1    ##.....
d - Summon Small Mammal   Summ           #...         77%         1    ##.....
e - Swiftness             Chrm/Air       #.......     88%         2    ###....
f - Blink                 Tloc           N/A          88%         2    ###....
g - Call Imp              Summ           #.......     88%         2    ###....


Dungeon Overview and Level Annotations

Branches:
Dungeon (15/15)            Temple (0/1) D:4            Lair (6/6) D:9
 Shoals (4/4) Lair:2        Snake (4/4) Lair:2        Slime (0/5) Lair:6
    Orc (2/2) D:12            Elf (0/3) Orc:2        Vaults (5/5) D:14
  Crypt (1/3) Vaults:3     Depths (4/5) D:15

Altars:
Ashenzari
Dithmenos
Elyvilon
Fedhas
Gozag
Hepliaklqana
Makhleb
Nemelex Xobeh
Okawaru
Qazlal
Ru
Trog
Uskayaw
Vehumet
Xom
Yredelemnul
Zin
Beogh

Shops:
D:4 [   D:6 =   Orc:2 =([(*   Shoals:1 !   Shoals:3 (}*%   Snake:1 %:}
Snake:3 }   Vaults:4 !%[   Depths:1 [   Depths:3 }}=

Portals:
Hell: Depths:1 Depths:2 Depths:3 Depths:4
Abyss: Depths:1 Depths:4
Pandemonium: Depths:3
Ziggurat: Depths:1
Trove: D:15 (show abyssal rune of Zot)


Innate Abilities, Weirdness & Mutations

You are too large for most types of armour.
You have claws for hands.
Your metabolism is lightning-fast.
You like to eat raw meat.
Your natural rate of healing is unusually fast.
You are covered in fur. (AC +1)
You have very tough skin. (AC +2)
Your body sometimes deteriorates upon taking damage.


Message History

You have reached level 24!
Your experience leads to an increase in your attributes!
Increase (S)trength, (I)ntelligence, or (D)exterity?
You feel agile.
You feel stronger.
You hear a deafening roar!
You hear a shout!
You hear a howl!
You feel better.
The war gargoyle is engulfed in freezing vapours.
You block the war gargoyle's attack.
The frost giant points at you and mumbles some strange words.
The bolt of cold misses you.
You feel better.
You hear a howl!
You block the war gargoyle's attack.
The tengu reaver gestures wildly while chanting.
The ironbrand convoker gestures at the necromancer while chanting.
The necromancer seems to grow stronger.
You block the ettin's attack. The ettin hits you with a dire flail!!
* * * LOW HITPOINT WARNING * * *
The war gargoyle hits you with a dire flail!!
You die...

. # } # #.#####.
#####.# #....?#
?...p# #.....#
.....# .. #.....#
ppp..#
..#.....###ppp..#
#.#####CQe#####.#
#.
#..HC@###.Dp..# .
#. #(..9§#
#scc..# .. #.
#..§..# #.....#
...#[ #.....#
#[..!(# .≈..[
####### #######
##≈.. ..... ..[.<
..[.. ...C.


You could see a frost giant, a sphinx, a vault warden, a tengu reaver, an ettin,
a deep elf elementalist, a war gargoyle, a vault sentinel, an ironbrand convoker
and a necromancer.

Vanquished Creatures
  Saint Roka (Vaults:1)
  A golden dragon (Depths:4)
  the Enchantress (Depths:1)
  Jorgrun (Shoals:2)
  6 tentacled monstrosities
  3 liches
  A titan (Depths:4)
  3 quicksilver dragons
  A kraken (Shoals:2)
  Polyphemus (Shoals:2)
  A sphinx (Depths:3)
  Kirke (D:12)
  2 storm dragons
  2 shadow dragons
  A revenant (Vaults:3)
  Ilsuiw (Shoals:4)
  7 tengu reavers
  9 nagarajas
  Donald (Vaults:1)
  Aizul (Snake:1)
  2 deep elf sorcerers (Vaults:5)
  11 fire giants
  An orc warlord (Orc:2)
  11 frost giants
  13 vault wardens
  A balrug (Depths:4)
  18 ironheart preservers
  25 very ugly things
  A ghoul (Vaults:3)
  5 spriggan defenders
  2 entropy weavers
  16 stone giants
  Nessos (Orc:2)
  A vampire knight (Vaults:3)
  13 spark wasps
  The ghost of Soyweiser the Geomancer, a journeyman GrEE of Sif Muna (Lair:4)
  3 deep elf annihilators
  2 dire elephants (Lair:6)
  5 merfolk javelineers
  15 ettins
  2 deep elf death magi (Vaults:3)
  12 merfolk impalers
  11 fire dragons
  Josephine (Shoals:1)
  9 yaktaur captains
  9 great orbs of eyes
  8 naga warriors
  13 ice dragons
  8 rakshasas
  Erolcha (D:12)
  Harold (Lair:1)
  A juggernaut simulacrum (Depths:1)
  35 vault guards
  3 merfolk avatars (Shoals:4)
  A catoblepas (shapeshifter) (D:15)
  5 hydras
  5 spriggan air magi
  Erica (Lair:2)
  4 catoblepae
  17 anacondas
  A hell beast (Depths:2)
  49 two-headed ogres
  11 centaur warriors
  4 merfolk aquamancers (Shoals:4)
  15 ogre magi
  A satyr (Shoals:3)
  An anaconda (shapeshifter) (Vaults:4)
  An alligator snapping turtle (Shoals:3)
  The ghost of CrazyArbalest the Quickloader, a journeyman KoHu of Okawaru (D:11)
  9 deep troll shamans
  16 death yaks
  7 deep troll earth magi
  3 tengu warriors
  A vampire mage (Depths:2)
  2 spriggan berserkers
  Urug (Lair:3)
  A dancing weapon (Vaults:3)
  3 orc high priests (Orc:2)
  15 naga sharpshooters
  12 shock serpents
  9 deep elf knights
  4 iron trolls
  Nergalle (Lair:1)
  2 salamander mystics
  A shadow wraith (Vaults:1)
  4 hell knights
  3 unseen horrors
  12 sea snakes
  A flayed ghost (Depths:4)
  2 glowing orange brains
  35 deep trolls
  2 deep elf archers (Vaults:3)
  12 naga ritualists
  2 wizards
  16 ironbrand convokers
  A phantasmal warrior (Vaults:2)
  6 necromancers
  An orb spider (shapeshifter) (D:15)
  11 mana vipers
  11 harpies (Shoals:4)
  A frost giant zombie (Vaults:3)
  4 wolf spiders
  39 ugly things
  12 orc knights
  A tengu zombie (Vaults:3)
  12 salamanders
  An oklob plant (Lair:5)
  A shining eye (shapeshifter) (Depths:2)
  5 fauns (Shoals:3)
  A salamander (shapeshifter) (Depths:1)
  A stone giant zombie (Depths:2)
  7 orc sorcerers
  5 cyclopes
  An elephant (shapeshifter) (Depths:4)
  A fire giant zombie (Depths:1)
  10 deep elf magi
  13 manticores
  Maurice (D:9)
  19 vault sentinels
  16 guardian serpents
  35 black mambas
  18 elephants
  10 merfolk sirens
  A gargoyle (D:10)
  A rust devil (Depths:2)
  9 spiny frogs
  21 naga magi
  The ghost of zkyp the Conjurer, a novice FoWz of Fedhas (D:6)
  A storm dragon simulacrum (Vaults:4)
  4 water nymphs
  2 rime drakes
  48 yaktaurs
  2 efreet (D:15)
  An ice devil (Depths:1)
  The ghost of roknel the Sneak, a novice HaEn of Okawaru (D:5)
  3 komodo dragons
  3 freezing wraiths
  A red devil (Depths:2)
  13 trolls
  A tengu conjurer (D:14)
  A hellwing (Depths:4)
  A jumping spider (Vaults:3)
  A queen bee (D:9)
  A queen bee (shapeshifter) (Vaults:1)
  A hornet (shapeshifter) (Vaults:2)
  A spriggan skeleton (Depths:2)
  A troll (shapeshifter) (Depths:2)
  21 merfolk
  2 meliai (shapeshifter)
  A jumping spider (shapeshifter) (Vaults:3)
  8 hippogriffs
  A tengu simulacrum (Depths:2)
  A hornet (Vaults:3)
  2 raiju (shapeshifter)
  A wind drake (shapeshifter) (Vaults:3)
  4 wind drakes
  30 slime creatures
  6 dream sheep
  16 blink frogs
  An ettin zombie (Vaults:3)
  A meliai zombie (D:14)
  7 snapping turtles
  A centaur simulacrum (D:15)
  3 redbacks
  2 air elementals (Depths:3)
  A tarantella (Vaults:3)
  10 wraiths
  3 shadows
  7 flying skulls
  2 spriggans (shapeshifter)
  4 wyverns
  A deep troll skeleton (Depths:1)
  A human (D:14)
  12 water elementals
  A basilisk (shapeshifter) (Depths:2)
  Grum (Lair:1)
  9 basilisks
  A hungry ghost (D:7)
  2 hogs (D:12)
  A fire elemental (Depths:4)
  2 yaktaur simulacra
  20 yaks
  6 vampire mosquitoes
  Menkaure (D:7)
  A steam dragon (shapeshifter) (Depths:3)
  7 wargs
  4 acid dragons
  39 nagas
  9 porcupines
  A water moccasin (shapeshifter) (Depths:1)
  12 water moccasins
  6 sky beasts
  42 orc warriors
  5 ice beasts
  An eye of draining (shapeshifter) (Depths:2)
  An eye of draining (D:10)
  5 black bears
  A necrophage (D:7)
  46 wolves
  4 phantoms
  25 boggarts
  26 ogres
  A tengu (shapeshifter) (Depths:4)
  11 crocodiles
  An elf skeleton (Vaults:3)
  21 centaurs
  4 big kobolds
  A human zombie (Vaults:3)
  23 bullfrogs
  2 gnoll sergeants
  A water moccasin zombie (Ossuary)
  2 wyvern skeletons
  A hornet simulacrum (D:14)
  A human simulacrum (Vaults:4)
  39 killer bees
  6 scorpions
  A water moccasin skeleton (D:8)
  9 wights
  7 electric eels
  3 howler monkeys
  4 centaur zombies
  5 crimson imps
  4 quasits
  A bullfrog zombie (D:7)
  3 centaur skeletons
  13 hounds
  7 jellies
  4 bullfrog skeletons
  28 orc priests
  36 orc wizards
  Natasha (thrice) (D:2)
  2 hell rats (Lair:6)
  3 iguanas
  5 worker ants
  A big kobold zombie (Ossuary)
  A hound skeleton (D:5)
  2 mummies (Ossuary)
  A worker ant zombie (D:8)
  Robin (D:4)
  6 gnolls
  13 adders
  8 river rats
  A shadow imp (D:15)
  An ufetubus (Vaults:4)
  9 oozes
  5 adder zombies
  An adder skeleton (D:4)
  5 worms
  2 dart slugs
  4 leopard geckos
  138 orcs
  4 ball pythons
  7 bats
  3 giant cockroaches
  16 goblins
  13 hobgoblins
  5 jackals
  7 quokkas
  3 frilled lizards
  4 gnoll zombies (Ossuary)
  9 hobgoblin zombies (Ossuary)
  2 jackal zombies
  22 kobolds
  8 kobold zombies (Ossuary)
  A leopard gecko skeleton (D:4)
  6 orc zombies (Ossuary)
  20 rats
  2 plants (Shoals:3)
  4 tentacles (Shoals:2)
1978 creatures vanquished.

Vanquished Creatures (collateral kills)
  2 ironheart preservers
  3 hydras
  A merfolk aquamancer (Shoals:4)
  A two-headed ogre (Vaults:2)
  A deep troll shaman (Vaults:2)
  3 shock serpents
  3 orcs
14 creatures vanquished.

Vanquished Creatures (others)
  Vashnia (Snake:2)
  2 stone giants
  2 ironheart preservers
  2 merfolk javelineers (Shoals:4)
  6 yaktaur captains
  3 centaur warriors
  A satyr (Shoals:3)
  3 naga sharpshooters
  A shadow wraith (Vaults:3)
  A cyclops (Vaults:1)
  A faun (Shoals:3)
  A manticore (Shoals:4)
  A naga mage (Snake:2)
  16 yaktaurs
  3 merfolk
  A naga (Snake:4)
  An orc warrior (Vaults:1)
  A boggart (Depths:3)
  11 centaurs
  A bullfrog skeleton (D:13)
  A giant cockroach (D:3)
  A bush (Lair:6)
  10 fungi
  2 plants
  4 tentacles (Shoals:2)
77 creatures vanquished.

Grand Total: 2069 creatures vanquished

Notes
Turn   | Place    | Note
-------+----------+-------------------------------------------
     0 | D:1      | xgamer67 the Troll Fighter began the quest for the Orb.
     0 | D:1      | Reached XP level 1. HP: 22/22 MP: 0/0
   107 | D:1      | Reached XP level 2. HP: 29/29 MP: 1/1
   423 | D:1      | Found a shattered altar of Ashenzari.
   642 | D:1      | Reached XP level 3. HP: 35/36 MP: 2/2
   774 | D:2      | Found a faded altar of an unknown god.
   882 | D:2      | Found a hide-covered altar of Uskayaw.
   920 | D:2      | Noticed Natasha
   925 | D:2      | Killed Natasha
   925 | D:2      | Reached skill level 3 in Unarmed Combat
   925 | D:2      | Reached XP level 4. HP: 44/44 MP: 3/3
  1006 | D:2      | Found a stormy altar of Qazlal.
  1014 | D:2      | Became a worshipper of Qazlal Stormbringer
  1232 | D:2      | Noticed Natasha
  1246 | D:2      | Killed Natasha
  1339 | D:2      | Noticed Natasha
  1356 | D:2      | Killed Natasha
  1356 | D:2      | Reached XP level 5. HP: 50/50 MP: 4/4
  1383 | D:2      | You fall through a shaft for 2 floors!
  1383 | D:4      | Noticed a phantom
  1471 | D:4      | Killed a phantom
  1471 | D:4      | Reached skill level 4 in Unarmed Combat
  1482 | D:4      | Noticed Robin
  1498 | D:4      | Killed Robin
  1507 | D:4      | Reached * piety under Qazlal
  1625 | D:4      | Reached XP level 6. HP: 58/59 MP: 5/5
  1828 | D:3      | Reached skill level 5 in Unarmed Combat
  1962 | D:3      | Reached ** piety under Qazlal
  2038 | D:3      | Found a radiant altar of Vehumet.
  2111 | D:3      | Reached skill level 5 in Shields
  2204 | D:3      | Found a sacrificial altar of Ru.
  2694 | D:4      | Reached XP level 7. HP: 66/66 MP: 6/6
  2721 | D:4      | Found Qekiuw's Antique Armour Shop.
  2749 | D:4      | Found a staircase to the Ecumenical Temple.
  3102 | D:5      | Entered Level 5 of the Dungeon
  3146 | D:5      | Found a sand-covered staircase.
  3147 | D:5      | Noticed roknel's ghost (novice HaEn)
  3151 | Ossuary  | Entered an ossuary
  3264 | Ossuary  | Reached *** piety under Qazlal
  3283 | Ossuary  | Reached skill level 6 in Unarmed Combat
  3355 | D:5      | Found a glowing drain.
  3362 | Sewer    | Entered a sewer
  3717 | Sewer    | Reached **** piety under Qazlal
  3879 | D:5      | Killed roknel's ghost
  3879 | D:5      | Reached skill level 7 in Unarmed Combat
  3879 | D:5      | Reached XP level 8. HP: 67/74 MP: 7/7
  3948 | D:5      | Found a burning altar of Makhleb.
  3948 | D:5      | Noticed an Executioner
  4086 | D:5      | Found an opulent altar of Gozag.
  4201 | D:5      | Found a white marble altar of Elyvilon.
  4229 | D:5      | Reached skill level 8 in Unarmed Combat
  4411 | D:5      | Found a blossoming altar of Fedhas.
  4655 | D:6      | Noticed zkyp's ghost (novice FoWz)
  4682 | D:7      | Noticed a hippogriff
  4690 | D:7      | Killed a hippogriff
  4690 | D:7      | Reached XP level 9. HP: 74/80 MP: 8/8
  4714 | D:7      | Reached skill level 9 in Unarmed Combat
  4869 | D:7      | Found a shadowy altar of Dithmenos.
  4913 | D:7      | Noticed Menkaure
  4914 | D:7      | Killed Menkaure
  5121 | D:7      | Found a glowing silver altar of Zin.
  5194 | D:8      | Noticed a two-headed ogre
  5267 | D:6      | Killed zkyp's ghost
  5267 | D:6      | Reached skill level 10 in Unarmed Combat
  5281 | D:6      | Reached ***** piety under Qazlal
  5355 | D:6      | Learned a level 1 spell: Animate Skeleton
  5357 | D:6      | Learned a level 1 spell: Apportation
  5359 | D:6      | Learned a level 1 spell: Confusing Touch
  5361 | D:6      | Learned a level 1 spell: Summon Small Mammal
  5545 | D:6      | Found Dyfanulo's Jewellery Shoppe.
  5707 | D:7      | Reached skill level 1 in Invocations
  5728 | D:8      | Killed a two-headed ogre
  5728 | D:8      | Reached XP level 10. HP: 42/88 MP: 8/10
  6584 | D:9      | Reached skill level 11 in Unarmed Combat
  6621 | D:9      | Noticed Maurice
  6735 | D:9      | Killed Maurice
  7031 | D:9      | Found a sparkling altar of Nemelex Xobeh.
  7160 | D:9      | Reached skill level 5 in Invocations
  7349 | D:9      | Reached XP level 11. HP: 72/94 MP: 13/13
  7636 | D:9      | Found a staircase to the Lair.
  7705 | D:9      | Noticed a two-headed ogre
  7742 | D:9      | Killed a two-headed ogre
  8038 | D:9      | Reached skill level 10 in Shields
  8273 | D:9      | Found an iron altar of Okawaru.
  8274 | D:9      | Found a bloodstained altar of Trog.
  8387 | D:10     | Entered Level 10 of the Dungeon
  8387 | D:10     | Noticed a two-headed ogre
  8459 | D:10     | Reached skill level 12 in Unarmed Combat
  8704 | D:10     | Killed a two-headed ogre
  9082 | D:11     | Noticed an eight-headed hydra
  9141 | D:11     | Noticed a two-headed ogre
  9153 | D:10     | Killed a two-headed ogre
  9174 | D:11     | Found a flickering gateway to a bazaar.
  9183 | Bazaar   | Entered a bazaar
  9183 | Bazaar   | Found Equdol's Book Shoppe.
  9183 | Bazaar   | Found Ixtiem's Book Shoppe.
  9206 | Bazaar   | Found Iryckuiz's Armour Boutique.
  9241 | Bazaar   | Found Neicruo's Antique Armour Boutique.
  9283 | Bazaar   | Bought a +0 hat for 64 gold pieces
  9283 | Bazaar   | Bought a +1 cloak of poison resistance for 216 gold pieces
  9396 | D:11     | Identified the Tome of Malediction
  9606 | Lair:1   | Entered Level 1 of the Lair of Beasts
  9622 | Lair:1   | Noticed Grum
  9642 | Lair:1   | Noticed Nergalle
  9698 | Lair:2   | Noticed Erica
  9701 | Lair:2   | Reached XP level 12. HP: 104/104 MP: 16/16
  9721 | Lair:2   | Killed Erica
  9784 | Lair:2   | Found a staircase to the Shoals.
  9940 | Lair:2   | Found a staircase to the Snake Pit.
 10126 | Lair:2   | Reached skill level 13 in Unarmed Combat
 10858 | Lair:3   | Noticed Urug
 10872 | Lair:3   | Killed Urug
 11041 | Lair:3   | Noticed an eight-headed hydra
 11074 | Lair:3   | Killed a ten-headed hydra
 11126 | Lair:3   | Noticed an eight-headed hydra
 11131 | Lair:3   | Killed an eight-headed hydra
 11142 | Lair:3   | Noticed a catoblepas
 11151 | Lair:3   | Killed a catoblepas
 11469 | Lair:4   | Reached skill level 14 in Unarmed Combat
 11483 | Lair:4   | Noticed a death yak
 11504 | Lair:4   | Noticed a death yak
 11519 | Lair:4   | Killed a death yak
 11520 | Lair:4   | Noticed a death yak
 11526 | Lair:4   | Noticed a death yak
 11527 | Lair:4   | Killed a death yak
 11527 | Lair:4   | Reached XP level 13. HP: 93/110 MP: 18/18
 11661 | Lair:4   | Noticed Soyweiser's ghost (journeyman GrEE)
 11672 | Lair:4   | Killed Soyweiser's ghost
 12533 | Lair:5   | Reached ****** piety under Qazlal
 12546 | Lair:5   | Identified a scroll of acquirement
 12548 | Lair:5   | Got a warped ivory ring
 12549 | Lair:5   | Identified the ring "Unkacs" {rCorr Str+4 Dex+4} (You acquired it on level 5 of the Lair of Beasts)
 12587 | Lair:5   | Reached skill level 15 in Unarmed Combat
 12867 | Lair:5   | Found a blossoming altar of Fedhas.
 13229 | Lair:6   | Entered Level 6 of the Lair of Beasts
 13486 | Lair:6   | Noticed a dire elephant
 13498 | Lair:6   | Killed a dire elephant
 13685 | Lair:6   | Found a staircase to the Slime Pits.
 13853 | Lair:6   | Reached XP level 14. HP: 114/118 MP: 19/19
 13893 | Lair:6   | Reached skill level 16 in Unarmed Combat
 14834 | Lair:1   | Killed Grum
 14914 | Lair:1   | Killed Nergalle
 14971 | Lair:1   | Noticed Harold
 15091 | Lair:1   | Killed Harold
 15304 | Lair:1   | Found a basalt altar of Yredelemnul.
 15890 | D:11     | Noticed CrazyArbalest's ghost (journeyman KoHu)
 15899 | D:11     | Killed CrazyArbalest's ghost
 16202 | D:12     | Noticed Kirke
 16217 | D:12     | Killed Kirke
 16225 | D:12     | Noticed Erolcha
 16257 | D:12     | Killed Erolcha
 16423 | D:12     | Reached skill level 17 in Unarmed Combat
 16791 | D:12     | Found a staircase to the Orcish Mines.
 17763 | Orc:1    | Entered Level 1 of the Orcish Mines
 18052 | Orc:1    | You fall through a shaft!
 18052 | Orc:2    | Entered Level 2 of the Orcish Mines
 18060 | Orc:2    | Reached XP level 15. HP: 124/124 MP: 20/20
 18138 | Orc:2    | Noticed Nessos
 18144 | Orc:2    | Killed Nessos
 18191 | Orc:2    | Found a roughly hewn altar of Beogh.
 18199 | Orc:2    | Found a staircase to the Elven Halls.
 18204 | Orc:2    | Found a roughly hewn altar of Beogh.
 18225 | Orc:2    | Found a roughly hewn altar of Beogh.
 18326 | Orc:2    | Found a roughly hewn altar of Beogh.
 18326 | Orc:2    | Found Tiranam's Jewellery Emporium.
 18465 | Orc:2    | Reached skill level 15 in Shields
 18516 | Orc:2    | Found a roughly hewn altar of Beogh.
 18619 | Orc:2    | Found Tynn's Antique Weapon Boutique.
 18669 | Orc:2    | Found a roughly hewn altar of Beogh.
 18778 | Orc:2    | Found a roughly hewn altar of Beogh.
 18855 | Orc:2    | Found a roughly hewn altar of Beogh.
 18991 | Orc:2    | Noticed an orc warlord
 19013 | Orc:2    | Killed an orc warlord
 19014 | Orc:2    | Found Gihigouh's Antique Weapon Shoppe.
 19014 | Orc:2    | Found a roughly hewn altar of Beogh.
 19017 | Orc:2    | Found Geruuvoth's Antique Armour Emporium.
 19030 | Orc:2    | Bought an embroidered cloak for 210 gold pieces
 19037 | Orc:2    | Learned a level 2 spell: Swiftness
 19109 | Orc:2    | Found a roughly hewn altar of Beogh.
 19110 | Orc:2    | Found Yshreoxu's Assorted Antiques.
 19121 | Orc:2    | Bought a runed ivory ring for 135 gold pieces
 19121 | Orc:2    | Bought a brass wand for 108 gold pieces
 19121 | Orc:2    | Bought a scroll of teleportation for 81 gold pieces
 19121 | Orc:2    | Bought a silver wand for 108 gold pieces
 19240 | Orc:2    | Bought an uncursed ring of protection from magic for 375 gold pieces
 20039 | D:14     | Found a gate to the Vaults.
 20060 | D:14     | Reached skill level 18 in Unarmed Combat
 20348 | D:15     | Entered Level 15 of the Dungeon
 20355 | D:15     | Found a shimmering altar of Xom.
 20399 | D:15     | Reached skill level 5 in Fighting
 20399 | D:15     | Reached skill level 5 in Dodging
 20764 | D:15     | Found a portal to a secret trove of treasure.
 21149 | D:15     | Found a staircase to the Depths.
 21474 | Snake:1  | Entered Level 1 of the Snake Pit
 21555 | Snake:1  | Noticed Aizul
 21576 | Snake:1  | Killed Aizul
 21593 | Snake:1  | Reached XP level 16. HP: 138/144 MP: 21/21
 21896 | Snake:1  | Found Vuakuts's Gadget Emporium.
 21948 | Snake:1  | Found Rufeon's Book Shoppe.
 21961 | Snake:1  | Found Dipt's Food Emporium.
 21971 | Snake:1  | Bought a book of Minor Magic for 240 gold pieces
 21975 | Snake:1  | Learned a level 2 spell: Blink
 21978 | Snake:1  | Learned a level 2 spell: Call Imp
 22361 | Snake:1  | Found a hazy altar of Hepliaklqana.
 23010 | Snake:2  | Noticed Vashnia
 23041 | Snake:2  | Killed Vashnia
 24085 | Snake:3  | Found Kihif's Gadget Shoppe.
 24093 | Snake:3  | Bought a phantom mirror for 390 gold pieces
 24678 | Snake:4  | Entered Level 4 of the Snake Pit
 24690 | Snake:3  | Reached XP level 17. HP: 99/163 MP: 15/22
 24942 | Snake:4  | Reached skill level 10 in Fighting
 25110 | Snake:4  | Reached skill level 10 in Dodging
 25648 | Snake:4  | Reached skill level 1 in Armour
 26597 | Snake:4  | Got a serpentine rune of Zot
 26923 | Vaults:1 | Entered Level 1 of the Vaults
 27245 | Vaults:1 | Reached XP level 18. HP: 161/174 MP: 24/24
 27275 | Vaults:1 | Noticed Donald
 27287 | Vaults:1 | Killed Donald
 27287 | Vaults:1 | Reached skill level 10 in Invocations
 27444 | Vaults:1 | Reached skill level 19 in Unarmed Combat
 27491 | Vaults:1 | Reached skill level 5 in Armour
 27721 | Vaults:1 | Noticed Saint Roka
 27759 | Vaults:1 | Killed Saint Roka
 28896 | Vaults:2 | Reached skill level 20 in Unarmed Combat
 29412 | Vaults:2 | Reached XP level 19. HP: 172/184 MP: 27/27
 29938 | Vaults:3 | Found a staircase to the Crypt.
 29988 | Crypt:1  | Entered Level 1 of the Crypt
 31665 | Vaults:4 | Found Ciw Lub's Food Shoppe.
 31667 | Vaults:4 | Found a gateway to a bazaar.
 31679 | Bazaar   | Entered a bazaar
 31687 | Bazaar   | Found Sixkiyget's Antique Armour Shop.
 31700 | Bazaar   | Found Quen's Jewellery Shop.
 31737 | Bazaar   | Bought an uncursed ring of protection from cold for 275 gold pieces
 31855 | Vaults:4 | Found Qihain's Armour Shoppe.
 31870 | Vaults:4 | Reached XP level 20. HP: 174/198 MP: 28/28
 32364 | Vaults:4 | Reached skill level 10 in Armour
 32778 | Vaults:4 | Found Nybbeng's Distillery.
 33427 | Depths:1 | Entered Level 1 of the Depths
 33732 | Depths:1 | Noticed the Enchantress
 34361 | Depths:2 | Reached XP level 21. HP: 184/206 MP: 29/29
 34727 | Depths:2 | Gained mutation: Your body sometimes deteriorates upon taking damage. [a shining eye]
 34933 | Depths:2 | Found a gateway to Hell.
 35105 | Depths:2 | Reached skill level 21 in Unarmed Combat
 35742 | Depths:1 | Found a one-way gate to the infinite horrors of the Abyss.
 35809 | Depths:1 | Found Noshium's Armour Shop.
 35862 | Depths:1 | Killed the Enchantress
 36164 | Depths:1 | Found a gateway to a ziggurat.
 36765 | Shoals:1 | Entered Level 1 of the Shoals
 36817 | Shoals:1 | Noticed Josephine
 36836 | Shoals:1 | Killed Josephine
 36969 | Shoals:1 | Found Vaim's Distillery.
 36979 | Shoals:1 | Bought a potion of berserk rage for 75 gold pieces
 36979 | Shoals:1 | Bought 2 potions of heal wounds for 150 gold pieces
 36979 | Shoals:1 | Bought a potion of might for 60 gold pieces
 36979 | Shoals:1 | Bought a potion of heal wounds for 75 gold pieces
 37486 | Shoals:2 | Noticed Jorgrun
 37487 | Shoals:2 | Noticed Polyphemus
 37504 | Shoals:2 | Killed Jorgrun
 37514 | Shoals:2 | Killed Polyphemus
 37944 | Shoals:2 | Reached XP level 22. HP: 215/215 MP: 31/31
 38046 | Shoals:3 | Found Suureock's Antique Weapon Boutique.
 38054 | Shoals:3 | Bought a glowing blowgun for 187 gold pieces
 38113 | Shoals:3 | Found Arghukk's Food Shoppe.
 38354 | Shoals:3 | Found Jely's General Store.
 38362 | Shoals:3 | Bought a scroll of blinking for 105 gold pieces
 38427 | Shoals:3 | Found Sikun's Gadget Shoppe.
 38555 | Shoals:4 | Entered Level 4 of the Shoals
 38813 | Shoals:4 | Noticed Ilsuiw
 38886 | Shoals:4 | Killed Ilsuiw
 39227 | Shoals:4 | Got a barnacled rune of Zot
 39314 | Shoals:4 | Reached skill level 22 in Unarmed Combat
 40458 | Depths:3 | Found Hebbucon's Gadget Emporium.
 40459 | Depths:3 | Found Keukkupt's Jewellery Boutique.
 40460 | Depths:3 | Found Orefod's Gadget Emporium.
 40994 | Depths:3 | Found a one-way gate leading to the halls of Pandemonium.
 41581 | Depths:4 | Reached XP level 23. HP: 228/228 MP: 32/32
 41998 | Depths:4 | Got a heavily runed wooden ring
 41999 | Depths:4 | Identified the ring "Duadwaudgh" {+Fly Dex+2 Stlth+} (You took it off a tengu reaver on level 4 of the Depths)
 42055 | Depths:4 | Paralysed by a floating eye for 4 turns
 43069 | Vaults:5 | Entered Level 5 of the Vaults
 43362 | Vaults:5 | Reached XP level 24. HP: 17/240 MP: 30/32
 43364 | Vaults:5 | HP: 2/240 [ettin/dire flail of holy wrath (32)]
 43364 | Vaults:5 | Annihilated by a war gargoyle

Skill      XL: |  1  2  3  4  5  6  7  8  9 10 11 12 13 14 15 16 17 18 19 20 21 22 23 |
---------------+----------------------------------------------------------------------+-----
Shields        | 3 4 5 6 7 8 9 10 12 13 14 15 | 15.0
Unarmed Combat | 3 4 5 7 8 10 11 12 14 15 17 18 20 21 22 | 22.5
Invocations    | 2 5 7 8 9 12 14 | 14.1
Fighting       | 6 9 10 12 13 14 | 14.1
Dodging        | 6 9 10 12 13 14 | 14.7
Armour         | 4 5 7 12 13 14 | 14.8

Action                   |  1- 3 |  4- 6 |  7- 9 | 10-12 | 13-15 | 16-18 | 19-21 | 22-24 || total
-------------------------+-------+-------+-------+-------+-------+-------+-------+-------++-------
Melee: Unarmed           |    84 |   194 |   370 |   707 |  1380 |  1314 |  1504 |  1140 ||  6693
       Punch             |       |       |       |       |       |     1 |       |       ||     1
Throw: Stone             |       |     7 |     1 |       |       |       |       |       ||     8
       Tomahawk          |       |       |     3 |     8 |       |       |       |       ||    11
       Javelin           |       |       |       |       |       |       |     1 |       ||     1
Invok: Elemental Force   |       |       |       |     2 |     7 |    12 |       |     4 ||    25
       Disaster Area     |       |       |       |       |     1 |     1 |     4 |     6 ||    12
Evoke: Wand              |       |       |       |     6 |     5 |    16 |     3 |     1 ||    31
       Sack of spiders   |       |       |       |       |       |       |       |     1 ||     1
       Phial of floods   |       |       |       |       |       |       |       |     1 ||     1
  Use: Scroll            |       |     6 |     8 |    18 |    14 |     8 |    17 |    10 ||    81
       Potion            |       |       |     1 |     3 |     6 |     1 |     2 |    13 ||    26
 Stab: Petrified         |       |       |       |       |     9 |       |     1 |       ||    10
       Distracted        |       |       |       |       |     1 |     2 |       |     1 ||     4
  Eat: Chunk             |    14 |    17 |    25 |    57 |    91 |    63 |    78 |    49 ||   394
       Fruit             |       |       |       |       |       |     7 |       |       ||     7
       Royal jelly       |       |       |       |       |       |     1 |       |       ||     1
Armor: Robe              |    28 |    20 |       |       |    20 |    56 |    12 |       ||   136
       Animal skin       |       |    25 |    49 |    35 |       |       |       |       ||   109
       Troll leather arm |       |       |       |    43 |   127 |       |       |       ||   170
       Skin              |       |       |       |       |     1 |       |       |       ||     1
       Fire dragon scale |       |       |       |       |       |       |   138 |   211 ||   349
Dodge: Dodged            |    19 |    48 |    67 |    85 |   134 |   174 |   200 |   279 ||  1006
       Deflected         |       |       |     2 |     1 |     7 |    24 |    16 |    26 ||    76
Block: Shield            |    31 |    95 |   218 |    14 |       |    11 |       |       ||   369
       Large shield      |       |       |       |   772 |  1415 |  1311 |  1410 |  1609 ||  6517
       Reflection        |       |       |       |    19 |    78 |   181 |   129 |   140 ||   547
       Other             |       |       |       |       |     4 |       |       |       ||     4
